 Dungeon Crawl Stone Soup version 0.28.0-49-g6dfe1f597d (webtiles) character file.

Game seed: 5210616370713979831

158 issech the Nimble (level 5, -4/51 HPs)
             Began as a Gnoll Wanderer on May 18, 2022.
             Slain by Natasha (6 damage)
             ... on level 2 of the Dungeon.
             The game lasted 00:08:44 (2286 turns).

issech the Nimble (Gnoll Wanderer)                  Turns: 2286, Time: 00:08:44

Health: -4/51      AC:  6    Str: 18    XL:     5   Next: 39%
Magic:  18/18      EV: 15    Int:  9    God:
Gold:   92         SH:  0    Dex: 15    Spells: 10/10 levels left

rFire   . . .      SeeInvis .   i - +0 war axe
rCold   . . .      Faith    .   (no shield)
rNeg    . . .      Spirit   .   g - +0 ring mail
rPois   .          Reflect  .   x - +0 helmet
rElec   .          Harm     .   (no cloak)
rCorr   .          Rampage  .   (no gloves)
Will    .....                   (no boots)
Stlth   +.........              (no amulet)
HPRegen 0.17/turn               s - +6 ring of strength
MPRegen 0.16/turn               u - ring of magical power

@: slowed, very slow
A: fangs 1, strong nose, distributed training
a: no special abilities


You were on level 2 of the Dungeon.
You visited 1 branch of the dungeon, and saw 2 of its levels.

You collected 92 gold pieces.

Inventory:

Hand Weapons
 a - a +1 hand crossbow
 h - a +0 dagger
 i - a +0 war axe (weapon)
 l - a +0 club
 q - a +0 whip
 v - a +0 dagger
 y - a +0 mace
Missiles
 c - 12 bolts
 d - 69 stones
 k - 5 boomerangs (quivered)
 m - 16 arrows
 r - 4 atropa-tipped darts
 t - 3 poisoned darts
Armour
 b - a +2 leather armour
 g - a +0 ring mail (worn)
 x - a +0 helmet (worn)
Jewellery
 s - a +6 ring of strength (left hand)
 u - a ring of magical power (right hand)
Scrolls
 e - 2 scrolls of identify
 f - 3 scrolls of immolation
 j - a scroll of noise
 n - a scroll of fear
 p - 2 scrolls of teleportation
Potions
 o - a potion of resistance {unknown}
 w - a potion of heal wounds {unknown}
 z - a potion of berserk rage {unknown}


   Skills:
 + Level 8.6 Fighting
 + Level 1.4 Short Blades
 + Level 1.4 Long Blades
 + Level 1.4 Axes
 + Level 1.4 Maces & Flails
 + Level 1.4 Polearms
 + Level 1.4 Staves
 + Level 1.4 Slings
 + Level 1.4 Bows
 + Level 3.0 Crossbows
 + Level 1.4 Throwing
 + Level 1.4 Armour
 + Level 8.6 Dodging
 + Level 1.4 Stealth
 + Level 1.4 Shields
 + Level 1.4 Unarmed Combat
 + Level 3.1 Spellcasting
 + Level 1.1 Conjurations
 + Level 1.1 Hexes
 + Level 1.1 Summonings
 + Level 1.1 Necromancy
 + Level 1.1 Translocations
 + Level 1.1 Transmutations
 + Level 1.1 Fire Magic
 + Level 1.1 Ice Magic
 + Level 1.1 Air Magic
 + Level 1.1 Earth Magic
 + Level 1.1 Poison Magic
 + Level 1.6 Invocations
 + Level 1.4 Evocations


You had 10 spell levels left.
You didn't know any spells.
Your spell library contained the following spells:

 Spells                   Type           Power      Damage    Failure   Level
 Ensorcelled Hibernation  Hex/Ice        6%         N/A       45%         2
 Static Discharge         Conj/Air       3%         N/A       45%         2
 Spider Form              Tmut/Pois      3%         N/A       69%         3
 Anguish                  Hex/Necr       1%         N/A       97%         4
 Dispel Undead            Necr           3%         3d7       97%         4
 Sticky Flame             Conj/Fire      3%         2d3       97%         4


Dungeon Overview and Level Annotations

Branches:
Dungeon (2/15)

Altars:

Annotations:
D:2 Natasha, Sigmund


Innate Abilities, Weirdness & Mutations

You have very sharp teeth.
Your uncanny sense of smell can sniff out nearby items.
Your experience applies equally to all skills.


Message History

You hit the white imp.
Natasha casts a spell.
The white imp barely misses you.
Natasha wildly gestures.
Natasha's front paws start to glow.
Natasha claws you. The white imp gestures at you. The puff of frost hits you!
Natasha barely misses you.
You hit Natasha but do no damage.
Natasha is almost dead.
You hit the white imp.
Natasha stares at you and mumbles some strange words.
You feel as though you will be slow longer.
Natasha casts a spell.
The white imp barely misses you.
The crimson imp blinks!
Natasha misses you. The white imp barely misses you.
You closely miss Natasha.
Natasha is almost dead.
You closely miss the crimson imp. You barely miss the white imp.
Natasha claws you. Natasha closely misses you. The white imp gestures at you.
The puff of frost hits you!
* * * LOW HITPOINT WARNING * * *
The crimson imp hits you but does no damage.
Natasha completely misses you. The white imp gestures at you.
The puff of frost hits you!
* * * LOW HITPOINT WARNING * * *
The crimson imp misses you. Natasha claws you.
* * * LOW HITPOINT WARNING * * *
You hit Natasha but do no damage.
Natasha is almost dead.
You hit the white imp. You hit the crimson imp.
Natasha howls an incantation.
Natasha glows brightly for a moment.
Natasha closely misses you. The white imp closely misses you.
Natasha claws you but does no damage. The crimson imp completely misses you.
The white imp hits you but does no damage.
Natasha claws you.
You die...

####...##.##.......# #.# #.# #
##.###.##...#.### #.# #.# #
#.###.##...#.# #.# #.# #
#.....>......#####.# #.. ##
##+######.#.........# #.. .#
##...## #.########### #.. .#
##.....## #5#### #.. .#
##.......###h##.## #..
.####.).......##@#...###########.
....†.........'5.5...............
.####.........####....######.....
.# ##.......## ##.#.# #.###.
.######.....## ###.# #.###.
......##...## #.# #.##..
.####.###'## #.# #.##.# .## #.#
#.# #.# #.##.# ..# #.# #.# #.#
#.....


You could see Natasha (fast), 2 crimson imps and a white imp (summoned).

Vanquished Creatures
  Jessica (D:2)
  Natasha (D:2)
  Robin (D:2)
  3 adders (D:2)
  2 dart slugs
  2 bats
  3 endoplasms
  2 giant cockroaches
  15 goblins
  4 hobgoblins
  10 jackals
  A quokka (D:1)
  2 ball pythons (D:1)
  11 frilled lizards
  2 kobolds (D:1)
  2 rats (D:1)
62 creatures vanquished.

Vanquished Creatures (others)
  A fungus (D:1)
  3 plants (D:1)
4 creatures vanquished.

Grand Total: 66 creatures vanquished

Notes
Turn   | Place    | Note
-------+----------+-------------------------------------------
     0 | D:1      | issech the Gnoll Wanderer began the quest for the Orb.
     0 | D:1      | issech set off with the following items: a +1 hand
                  | crossbow, a +2 leather armour, 29 bolts
     0 | D:1      | Reached XP level 1. HP: 26/26 MP: 4/4
   190 | D:1      | Reached XP level 2. HP: 21/33 MP: 5/5
   552 | D:1      | Found a faded altar of an unknown god.
   602 | D:1      | Reached XP level 3. HP: 38/38 MP: 7/7
   980 | D:2      | Reached skill level 1 in Invocations
  1030 | D:2      | Noticed Sigmund
  1322 | D:2      | Noticed Jessica
  1329 | D:2      | Killed Jessica
  1330 | D:2      | Reached skill level 1 in Short Blades
  1330 | D:2      | Reached skill level 1 in Long Blades
  1330 | D:2      | Reached skill level 1 in Axes
  1330 | D:2      | Reached skill level 1 in Maces & Flails
  1330 | D:2      | Reached skill level 1 in Polearms
  1330 | D:2      | Reached skill level 1 in Staves
  1330 | D:2      | Reached skill level 1 in Slings
  1330 | D:2      | Reached skill level 1 in Bows
  1330 | D:2      | Reached skill level 1 in Throwing
  1330 | D:2      | Reached skill level 1 in Armour
  1330 | D:2      | Reached skill level 1 in Stealth
  1330 | D:2      | Reached skill level 1 in Shields
  1330 | D:2      | Reached skill level 1 in Unarmed Combat
  1330 | D:2      | Reached skill level 1 in Evocations
  1330 | D:2      | Reached XP level 4. HP: 45/45 MP: 8/8
  1399 | D:2      | Reached skill level 1 in Conjurations
  1399 | D:2      | Reached skill level 1 in Hexes
  1399 | D:2      | Reached skill level 1 in Summonings
  1399 | D:2      | Reached skill level 1 in Necromancy
  1399 | D:2      | Reached skill level 1 in Translocations
  1399 | D:2      | Reached skill level 1 in Transmutations
  1399 | D:2      | Reached skill level 1 in Fire Magic
  1399 | D:2      | Reached skill level 1 in Ice Magic
  1399 | D:2      | Reached skill level 1 in Air Magic
  1399 | D:2      | Reached skill level 1 in Earth Magic
  1399 | D:2      | Reached skill level 1 in Poison Magic
  1596 | D:2      | Noticed Natasha
  1606 | D:2      | Killed Natasha
  1607 | D:2      | Reached XP level 5. HP: 41/51 MP: 9/9
  1611 | D:2      | Noticed Robin
  1639 | D:2      | Killed Robin
  2273 | D:2      | Noticed Natasha
  2285 | D:2      | HP: 1/51 [Natasha (5)]
  2286 | D:2      | Slain by Natasha

Illustrated notes

Levels and vault maps discovered:
D:1:      lemuel_arrival_hallway, layout_loops_ring,
          shapermc_ecumenical_altar_mp_ritualfount, st_stairs_12,
          minmay_tetromino_t4
D:2:      layout_loops_corners, minmay_lizard_pond, uniq_natasha, uniq_jessica,
          uniq_robin, uniq_sigmund

Skill      XL: |  1  2  3  4  5 |
---------------+----------------+-----
Invocations    | 1 |  1.6
Short Blades   | 1 |  1.4
Long Blades    | 1 |  1.4
Axes           | 1 |  1.4
Maces & Flails | 1 |  1.4
Polearms       | 1 |  1.4
Staves         | 1 |  1.4
Slings         | 1 |  1.4
Bows           | 1 |  1.4
Throwing       | 1 |  1.4
Armour         | 1 |  1.4
Stealth        | 1 |  1.4
Shields        | 1 |  1.4
Unarmed Combat | 1 |  1.4
Spellcasting   | 3 |  3.1
Evocations     | 1 |  1.4
Conjurations   | 1 |  1.1
Hexes          | 1 |  1.1
Summonings     | 1 |  1.1
Necromancy     | 1 |  1.1
Translocations | 1 |  1.1
Transmutations | 1 |  1.1
Fire Magic     | 1 |  1.1
Ice Magic      | 1 |  1.1
Air Magic      | 1 |  1.1
Earth Magic    | 1 |  1.1
Poison Magic   | 1 |  1.1
Crossbows      | 3 |  3.0
Fighting       | |  8.6
Dodging        | |  8.6

Action                   |  1- 3 |  4- 6 || total
-------------------------+-------+-------++-------
Melee: War axe           |     5 |    21 ||    26
       Bite              |       |     1 ||     1
 Fire: Hand crossbow     |    81 |    37 ||   118
Throw: Boomerang         |       |     9 ||     9
  Use: Scroll            |       |     4 ||     4
Armor: Ring mail         |    21 |    19 ||    40
Dodge: Dodged            |    70 |    53 ||   123
